 Dungeon Crawl Stone Soup version 0.22-a0-348-gd16d139 (webtiles) character file.

17 rz the Poker (level 2, -2/23 HPs)
             Began as a Merfolk Skald on Apr 11, 2018.
             Slain by a gnoll
             ... wielding a +0 spear
              (4 damage)
             ... on level 1 of the Dungeon.
             The game lasted 00:00:52 (666 turns).

rz the Poker (Merfolk Skald)                         Turns: 666, Time: 00:00:53

Health: -2/23      AC:  3    Str: 11    XL:     2   Next: 62%
Magic:  5/5        EV: 12    Int: 12    God:
Gold:   29         SH:  0    Dex: 13    Spells: 4/5 levels left

rFire    . . .     SeeInvis .   a - +0 spear
rCold    . . .     Gourm    .   (no shield)
rNeg     . . .     Faith    .   b - +0 leather armour
rPois    .         Spirit   .   (no helmet)
rElec    .         Reflect  .   (no cloak)
rCorr    .         Harm     .   (no gloves)
MR       .....                  (no boots)
Stlth    +.........             (no amulet)
HPRegen  0.07/turn              (no ring)
MPRegen  0.09/turn              (no ring)

@: no status effects
A: change form in water, swift swim, stealthy swim
a: no special abilities


You were on level 1 of the Dungeon.
You were not hungry.

You visited 1 branch of the dungeon, and saw 1 of its levels.

You collected 29 gold pieces.

Inventory:

Hand Weapons
 a - a +0 spear (weapon)
Armour
 b - a +0 leather armour (worn)
Scrolls
 c - 3 scrolls of remove curse {unknown}
 e - 5 scrolls of identify {unknown}
 f - a scroll of blinking {unknown}
 h - a scroll of noise {unknown}
 j - a scroll of fog {unknown}
 k - a scroll of magic mapping {unknown}
Potions
 g - a potion of degeneration {unknown}
 i - a potion of heal wounds {unknown}
 l - a potion of haste {unknown}
Comestibles
 d - 2 rations


   Skills:
 + Level 2.5 Fighting
 * Level 3.7 Polearms
 - Level 0.6 Armour
 + Level 3.0 Dodging
 - Level 2.0 Spellcasting
 + Level 3.5 Charms


You had 4 spell levels left.
You knew the following spells:

 Your Spells              Type           Power        Failure   Level  Hunger
a - Infusion              Chrm           #...         9%          1    ##.....


Dungeon Overview and Level Annotations

Branches:
Dungeon (1/15)

Altars:


Message History

The gnoll is moderately wounded.
The gnoll closely misses you.
Attack whom?
Press: ? - help, Dir - move target cursor, f/p - gnoll
Aim: a gnoll, wielding a spear (moderately wounded)
You reach to attack!
You hit the gnoll but do no damage.
The gnoll is moderately wounded.
The gnoll hits you from afar with a spear.
The gnoll misses you.
You hit the gnoll.
The gnoll is heavily wounded.
The gnoll hits you with a spear.
You barely miss the gnoll.
The gnoll is heavily wounded.
The gnoll hits you with a spear.
* * * LOW HITPOINT WARNING * * *
You hit the gnoll but do no damage.
The gnoll is heavily wounded.
The gnoll hits you with a spear.
You die...

...# #.......# #.........# ####
#.##.##.# #########.# .#
###.##.##.# #.# >#####......##.#
##.#### .#..........##.# #.....#
)#..........##.# ###### #.....#
.#.............# .....# #.....#
............#####.....# #.....#
................@g....# #.....#
............#####.....# ##..###
.#..............#.....# ##....#
.#.........####.##########...#.#
.#.........# #.# ##.##....#
.########... #.# ##...##†### .#
#.# #.######.....#.#
#########.##.##..............#
#.......#.......######.....[.#


You could see a gnoll.

Vanquished Creatures
  3 bats (D:1)
  2 goblins (D:1)
  4 hobgoblins (D:1)
  3 kobolds (D:1)
  3 rats (D:1)
15 creatures vanquished.

Notes
Turn   | Place    | Note
-------+----------+-------------------------------------------
     0 | D:1      | rz the Merfolk Skald began the quest for the Orb.
     0 | D:1      | Reached XP level 1. HP: 16/16 MP: 3/3
   187 | D:1      | Reached XP level 2. HP: 16/23 MP: 5/5
   666 | D:1      | Slain by a gnoll

Vault maps used:
D:1:      sevenhm_arrival_forest_fort_small_4

Skill      XL: |  1  2 |
---------------+-------+-----
Dodging        | 3 |  3.0
Fighting       | |  2.5
Polearms       | |  3.7
Armour         | |  0.6
Spellcasting   | |  2.0
Charms         | |  3.5

Action                   || total
-------------------------++-------
Melee: Spear             ||    65
Armor: Leather armour    ||     8
Dodge: Dodged            ||    31

Table legend:
 A = Spawn XP
 B = Non-spawn XP
 C = Spawn XP percentage of total XP
 D = Spawn monster count
 E = Non-spawn monster count
 F = Spawn count percentage of total count
 G = Total turns spent on level
                    A         B        C        D         E        F      G
               +---------+---------+-------+---------+---------+-------+---------
         Total |       0 |      25 |   0.0 |       0 |      15 |   0.0 |   666
               +---------+---------+-------+---------+---------+-------+---------
           D:1 |       0 |      25 |   0.0 |       0 |      15 |   0.0 |   666
               +---------+---------+-------+---------+---------+-------+---------
